 Dungeon Crawl Stone Soup version 0.28.0-45-g0d030f2227 (webtiles) character file.

Game seed: 16303670753981434842

434 Revguard the Cutter (level 6, -3/46 HPs)
             Began as a Demonspawn Gladiator on Apr 20, 2022.
             Slain by a kobold brigand
             ... wielding a +0 dagger of speed
              (8 damage)
             ... on level 4 of the Dungeon.
             The game lasted 00:10:17 (4275 turns).

Revguard the Cutter (Demonspawn Gladiator)          Turns: 4275, Time: 00:10:18

Health: -3/46      AC:  6    Str: 14    XL:     6   Next: 68%
Magic:  8/8        EV: 11    Int: 12    God:
Gold:   124        SH:  0    Dex: 14    Spells: 5/8 levels left

rFire   . . .      SeeInvis .   i - +1 dagger (venom)
rCold   . . .      Faith    .   (no shield)
rNeg    . . .      Spirit   .   o - +0 ring mail
rPois   .          Reflect  .   (helmet restricted)
rElec   .          Harm     .   (no cloak)
rCorr   .          Rampage  .   (no gloves)
Will    .....                   (no boots)
Stlth   ++........              (no amulet)
HPRegen 0.15/turn               (no ring)
MPRegen 0.11/turn               (no ring)

@: lethally poisoned (-3 -> -19), slowed, very slow
A: antennae 1, sharp scales 1
a: no special abilities


You were on level 4 of the Dungeon.
You visited 1 branch of the dungeon, and saw 4 of its levels.

You collected 124 gold pieces.

Inventory:

Hand Weapons
 a - a +0 vorpal rapier
 i - a +1 dagger of venom (weapon)
 l - a +2 vampiric dagger
Missiles
 d - 3 throwing nets
Armour
 b - a +0 leather armour
 o - a +0 ring mail (worn)
Jewellery
 j - a ring of fire
 n - an amulet of guardian spirit
 p - an amulet of faith
Wands
 c - a wand of mindburst (12)
Scrolls
 e - a scroll of summoning
 f - a scroll of fog
 g - a scroll of identify
 h - a scroll of blinking
 k - a scroll of noise
 m - 2 scrolls of teleportation


   Skills:
 + Level 2.9 Fighting
 + Level 3.4 Short Blades
 - Level 1.7 Throwing
 + Level 2.0 Armour
 + Level 3.3 Dodging
 * Level 3.1 Stealth
 + Level 1.8 Spellcasting
 + Level 1.7 Conjurations
 + Level 2.5 Invocations


You had 5 spell levels left.
You knew the following spells:

 Your Spells              Type           Power      Damage    Failure   Level
a - Magic Dart            Conj           20%        1d4       28%         1
b - Searing Ray           Conj           10%        2d4       38%         2

Your spell library contained the following spells:

 Spells                   Type           Power      Damage    Failure   Level
 Fulminant Prism          Conj/Hex       1%         3d6       98%         4


Dungeon Overview and Level Annotations

Branches:
Dungeon (4/15)
 Temple: D:4-7

Altars:
Qazlal


Innate Abilities, Weirdness & Mutations

You have a pair of small antennae on your head.
You are partially covered in razor-sharp scales. (AC +1, Slay +1)


Message History

The kobold is severely wounded.
The kobold hits you but does no damage.
You closely miss the kobold.
The kobold is severely wounded.
You closely miss the kobold.
The kobold is severely wounded.
The kobold hits you with a +0 dagger.
You hit the kobold.
You kill the kobold!
You see here a +0 dagger.
You see here a +0 dagger.
HP restored.
A kobold brigand comes into view.
It is wielding a +0 dagger of speed and quivering curare-tipped darts.
The kobold brigand shouts!
You hear a shout!
The kobold brigand throws a curare-tipped dart.
The curare-tipped dart hits you.
You are poisoned.
You have difficulty breathing.
You feel yourself slow down.
You feel very sick.
The kobold brigand throws a curare-tipped dart.
The curare-tipped dart hits you.
You are more poisoned.
You have difficulty breathing.
You feel as though you will be slow longer.
You feel extremely sick.
The kobold brigand throws a curare-tipped dart.
The curare-tipped dart hits you.
You are lethally poisoned!
You have difficulty breathing.
You feel as though you will be slow longer.
You hear the slow hiss of a very distant avalanche of sand.
* * * LOW HITPOINT WARNING * * *
You feel extremely sick.
You aren't carrying any potions.
You barely miss the kobold brigand.
* * * LOW HITPOINT WARNING * * *
You feel very sick. The kobold brigand closely misses you.
The kobold brigand hits you with a +0 dagger of speed!
You die...

##. #..
#.. ..##
#..# #..#
#..# #K@#
# #..##
#≈##..#
#≈≈#..##
.#≈≈##..#
.≈≈≈≈#..#
..≈≈≈≈#..#
#.≈≈≈≈#..#
#.#≈≈##..#


You could see a kobold brigand.

Vanquished Creatures
  Sigmund (D:2)
  A howler monkey (D:3)
  Jessica (D:2)
  Natasha (thrice) (D:2)
  Robin (D:2)
  3 adders
  A worm (D:2)
  3 dart slugs
  5 orcs (D:3)
  9 endoplasms
  4 giant cockroaches
  15 goblins
  7 hobgoblins
  2 jackals (D:2)
  11 kobolds
  4 quokkas
  5 ball pythons
  6 bats
  2 frilled lizards
  4 rats
88 creatures vanquished.

Notes
Turn   | Place    | Note
-------+----------+-------------------------------------------
     0 | D:1      | Revguard the Demonspawn Gladiator began the quest for the
                  | Orb.
     0 | D:1      | Reached XP level 1. HP: 16/16 MP: 1/1
   369 | D:1      | Gained mutation: You have a pair of small antennae on your
                  | head. [demonic ancestry]
   369 | D:1      | Reached XP level 2. HP: 15/22 MP: 2/2
   602 | D:1      | Found a faded altar of an unknown god.
   633 | D:1      | Learned a level 1 spell: Magic Dart
  1203 | D:2      | Noticed Jessica
  1232 | D:2      | Killed Jessica
  1233 | D:2      | Reached skill level 1 in Stealth
  1233 | D:2      | Reached skill level 1 in Invocations
  1233 | D:2      | Reached XP level 3. HP: 15/27 MP: 2/4
  1259 | D:2      | Learned a level 2 spell: Searing Ray
  1485 | D:2      | Noticed Robin
  1499 | D:2      | Killed Robin
  1500 | D:2      | Reached skill level 1 in Armour
  1526 | D:2      | Reached skill level 1 in Spellcasting
  1526 | D:2      | Gained mutation: You are partially covered in razor-sharp
                  | scales. (AC +1, Slay +1) [demonic ancestry]
  1526 | D:2      | Reached XP level 4. HP: 8/33 MP: 5/5
  2229 | D:2      | Noticed Sigmund
  2263 | D:2      | Killed Sigmund
  2264 | D:2      | Reached skill level 1 in Conjurations
  2264 | D:2      | Reached XP level 5. HP: 5/39 MP: 5/7
  2264 | D:2      | Reached XP level 6. HP: 6/46 MP: 5/8
  2663 | D:2      | Noticed Natasha
  2684 | D:2      | Killed Natasha
  2900 | D:2      | Noticed Natasha
  2916 | D:2      | Killed Natasha
  2941 | D:2      | Noticed Natasha
  2951 | D:2      | Killed Natasha
  3726 | D:3      | Found a stormy altar of Qazlal.
  4275 | D:4      | Slain by a kobold brigand

Illustrated notes

Levels and vault maps discovered:
D:1:      elethiomel_arrival_maze, layout_loops_ring,
          hellmonk_ecumenical_altar_lost_god
D:2:      layout_rooms, uniq_natasha, uniq_jessica, uniq_sigmund, uniq_robin
D:3:      layout_basic, grunt_qazlal_sundering
D:4:      cheibrodos_thug_alley, layout_basic, grunt_temple_overflow_cloverleaf,
          lightli_ossuary_entry_decrepit_ruins

Skill      XL: |  1  2  3  4  5  6 |
---------------+-------------------+-----
Stealth        | 1 2 3 |  3.1
Invocations    | 1 2 |  2.5
Short Blades   | 3 |  3.4
Armour         | 1 2 |  2.0
Spellcasting   | 1 |  1.8
Dodging        | 3 |  3.3
Conjurations   | 1 |  1.7
Fighting       | |  2.9
Throwing       | |  1.7

Action                   |  1- 3 |  4- 6 || total
-------------------------+-------+-------++-------
Melee: Rapier            |    59 |       ||    59
       Punch             |     2 |     1 ||     3
       Dagger            |    32 |   164 ||   196
  Use: Potion            |       |     1 ||     1
       Scroll            |       |    10 ||    10
 Stab: Sleeping          |     1 |     3 ||     4
Armor: Leather armour    |    34 |    27 ||    61
       Ring mail         |       |     6 ||     6
Dodge: Dodged            |    55 |    86 ||   141
